%YAML 1.1
%TAG !u! tag:unity3d.com,2011:
--- !u!244 &-4268130308997596493
AudioMixerEffectController:
  m_ObjectHideFlags: 3
  m_CorrespondingSourceObject: {fileID: 0}
  m_PrefabInstance: {fileID: 0}
  m_PrefabAsset: {fileID: 0}
  m_Name: 
  m_EffectID: 4095401fad5406e43bbae11e0d060384
  m_EffectName: Attenuation
  m_MixLevel: 991a5f722693d734fadc93df177c4eea
  m_Parameters: []
  m_SendTarget: {fileID: 0}
  m_EnableWetMix: 0
  m_Bypass: 0
--- !u!244 &-2340223159881042605
AudioMixerEffectController:
  m_ObjectHideFlags: 3
  m_CorrespondingSourceObject: {fileID: 0}
  m_PrefabInstance: {fileID: 0}
  m_PrefabAsset: {fileID: 0}
  m_Name: 
  m_EffectID: 97269c277e3c0dd4b816ed800f40f00d
  m_EffectName: Attenuation
  m_MixLevel: 6b0ac75ba2d433347aa7864f98bd1305
  m_Parameters: []
  m_SendTarget: {fileID: 0}
  m_EnableWetMix: 0
  m_Bypass: 0
--- !u!241 &24100000
AudioMixerController:
  m_ObjectHideFlags: 0
  m_CorrespondingSourceObject: {fileID: 0}
  m_PrefabInstance: {fileID: 0}
  m_PrefabAsset: {fileID: 0}
  m_Name: AudioMixer
  m_OutputGroup: {fileID: 0}
  m_MasterGroup: {fileID: 24300002}
  m_Snapshots:
  - {fileID: 24500006}
  m_StartSnapshot: {fileID: 24500006}
  m_SuspendThreshold: -80
  m_EnableSuspend: 1
  m_UpdateMode: 0
  m_ExposedParameters: []
  m_AudioMixerGroupViews:
  - guids:
    - 7dc8d57a2afc2864fbb8b9402cca9b5e
    - aa4dd667681c9024490ef20c77a349de
    - 358935d090be12d48b1ebd90161595f5
    name: View
  m_CurrentViewIndex: 0
  m_TargetSnapshot: {fileID: 24500006}
--- !u!243 &24300002
AudioMixerGroupController:
  m_ObjectHideFlags: 0
  m_CorrespondingSourceObject: {fileID: 0}
  m_PrefabInstance: {fileID: 0}
  m_PrefabAsset: {fileID: 0}
  m_Name: Master
  m_AudioMixer: {fileID: 24100000}
  m_GroupID: 7dc8d57a2afc2864fbb8b9402cca9b5e
  m_Children:
  - {fileID: 434292182419203728}
  - {fileID: 3002498097629659715}
  m_Volume: acc5ac2a8ed07704bbe4b02100aa7eb1
  m_Pitch: 2445e71cd85854646807dc1c1c040e87
  m_Send: 00000000000000000000000000000000
  m_Effects:
  - {fileID: 24400004}
  m_UserColorIndex: 0
  m_Mute: 0
  m_Solo: 0
  m_BypassEffects: 0
--- !u!244 &24400004
AudioMixerEffectController:
  m_ObjectHideFlags: 3
  m_CorrespondingSourceObject: {fileID: 0}
  m_PrefabInstance: {fileID: 0}
  m_PrefabAsset: {fileID: 0}
  m_Name: 
  m_EffectID: 00fc08887038341408c027e69cf88ad5
  m_EffectName: Attenuation
  m_MixLevel: 085eb11867ac6ed4e96c7c4cb329998e
  m_Parameters: []
  m_SendTarget: {fileID: 0}
  m_EnableWetMix: 0
  m_Bypass: 0
--- !u!245 &24500006
AudioMixerSnapshotController:
  m_ObjectHideFlags: 0
  m_CorrespondingSourceObject: {fileID: 0}
  m_PrefabInstance: {fileID: 0}
  m_PrefabAsset: {fileID: 0}
  m_Name: Snapshot
  m_AudioMixer: {fileID: 24100000}
  m_SnapshotID: 3d74bae3660619745821f11c27171b52
  m_FloatValues: {}
  m_TransitionOverrides: {}
--- !u!243 &434292182419203728
AudioMixerGroupController:
  m_ObjectHideFlags: 0
  m_CorrespondingSourceObject: {fileID: 0}
  m_PrefabInstance: {fileID: 0}
  m_PrefabAsset: {fileID: 0}
  m_Name: Music
  m_AudioMixer: {fileID: 24100000}
  m_GroupID: aa4dd667681c9024490ef20c77a349de
  m_Children: []
  m_Volume: 8461b6cbef405ef4b8c202178b770d31
  m_Pitch: dc7f9ebfd549b904fbeeee6b449640d4
  m_Send: 00000000000000000000000000000000
  m_Effects:
  - {fileID: -2340223159881042605}
  m_UserColorIndex: 0
  m_Mute: 0
  m_Solo: 0
  m_BypassEffects: 0
--- !u!243 &3002498097629659715
AudioMixerGroupController:
  m_ObjectHideFlags: 0
  m_CorrespondingSourceObject: {fileID: 0}
  m_PrefabInstance: {fileID: 0}
  m_PrefabAsset: {fileID: 0}
  m_Name: Sound
  m_AudioMixer: {fileID: 24100000}
  m_GroupID: 358935d090be12d48b1ebd90161595f5
  m_Children: []
  m_Volume: aef0ba128ae14114f98bba1e6dda50ab
  m_Pitch: 3be4e2bd4a6ca7642a1da301a52cd1dd
  m_Send: 00000000000000000000000000000000
  m_Effects:
  - {fileID: -4268130308997596493}
  m_UserColorIndex: 0
  m_Mute: 0
  m_Solo: 0
  m_BypassEffects: 0
